 Dungeon Crawl Stone Soup version 0.28.0 (webtiles) character file.

Game seed: 18378633208913703232

325716 BeingJoeMalik the Slayer (level 21, -8/180 HPs)
             Began as a Merfolk Gladiator on Feb 4, 2022.
             Was the Champion of Hepliaklqana.
             Mangled by a caustic shrike (28 damage)
             ... on level 3 of the Depths on Feb 5, 2022.
             The game lasted 03:15:54 (40847 turns).

BeingJoeMalik the Slayer (Merfolk Gladiator)       Turns: 40847, Time: 03:15:55

Health: -8/180     AC:  3    Str: 19    XL:     21   Next: 63%
Magic:  28/28      EV: 21    Int: 10    God:    Hepliaklqana [******]
Gold:   1082       SH: 22    Dex: 28    Spells: 25/30 levels left

rFire   + + .      SeeInvis +   b - +7 demon trident (vorpal)
rCold   + + .      Faith    .   a - +0 kite shield {rC+ rF+}
rNeg    + + +      Spirit   .   S - +5 scale mail of Foiklaol {Regen+}
rPois   +          Reflect  +   W - +3 helmet "Saniot" {Fly rPois rN+++ Regen+}
rElec   +          Harm     .   J - scarf {rC+ rF+}
rCorr   .          Rampage  .   f - +1 pair of gloves
Will    ++...                   U - +2 pair of boots {Fly}
Stlth   ++........              A - amulet of the Omega Point {Reflect rElec Dex+3 SH+5}
HPRegen 2.00/turn               s - +4 ring of slaying
MPRegen 0.21/turn               c - ring of Qellotaxol {rN+ Will+ Dex+6 SInv}

@: about to teleport, corroded, flying
A: reduced essence, (nimble swimmer 2), mertail, dopey 1, screaming 1, strong 1
}: 2/15 runes: serpentine, barnacled
a: Renounce Religion, Recall Ancestor, Ancestor Identity, Transference, Idealise


You were on level 3 of the Depths.
You worshipped Hepliaklqana.
Hepliaklqana was exalted by your worship.
You visited 7 branches of the dungeon, and saw 38 of its levels.
You visited the Abyss 1 time.
You also visited: Bailey and Ice Cave.

You collected 6011 gold pieces.
You spent 4929 gold pieces at shops.

Inventory:

Hand Weapons
 b - a +7 vorpal demon trident (weapon)
 L - the +6 trident "Esseerr" {flame, +Blink rF+}
   (You found it in a bailey)

   It burns those it strikes, dealing additional fire damage.
   rF:        It protects you from fire.
   +Blink:    It lets you blink.
Missiles
 d - 15 throwing nets
 j - 71 poisoned darts (quivered)
 T - 9 curare-tipped darts
Armour
 a - a +0 kite shield of resistance (worn)
 f - a +1 pair of gloves (worn)
 r - a +1 pair of boots
 J - a scarf of resistance (worn)
 N - a +0 kite shield of protection
 R - a +1 cloak of preservation
 S - the +5 scale mail of Foiklaol (worn) {Regen+}
   (You bought it in a shop on level 2 of the Orcish Mines)

   Regen:     It increases your rate of health regeneration.
 U - a +2 pair of boots of flying (worn)
 W - the +3 helmet "Saniot" (worn) {Fly rPois rN+++ Regen+}
   (You found it on level 12 of the Dungeon)

   rPois:     It protects you from poison.
   rN:        It renders you almost immune to negative energy.
   Fly:       It grants you flight.
   Regen:     It increases your rate of health regeneration.
Jewellery
 c - the ring of Qellotaxol (right hand) {rN+ Will+ Dex+6 SInv}
   (You acquired it on level 2 of the Lair of Beasts)

   [ring of dexterity]

   Dex:       It affects your dexterity (+6).
   rN:        It protects you from negative energy.
   SInv:      It lets you see invisible.
   Will:      It increases your willpower.
 q - a +4 ring of evasion
 s - a +4 ring of slaying (left hand)
 v - the ring of Paranoia {Wiz rCorr Int+5}
   (You found it on level 3 of the Elven Halls)

   [ring of wizardry]

   It improves your spell success rate.
   Int:       It affects your intelligence (+5).
   rCorr:     It protects you from acid and corrosion.
 A - the amulet of the Omega Point (around neck) {Reflect rElec Dex+3 SH+5}
   (You bought it in a shop on level 1 of the Snake Pit)

   [amulet of reflection]

   It reflects blocked missile attacks.
   Dex:       It affects your dexterity (+3).
   rElec:     It insulates you from electricity.
   SH:        It affects your SH (+5).
Wands
 k - a wand of digging (15)
 w - a wand of polymorph (28)
 x - a wand of iceblast (42)
 B - a wand of mindburst (34)
 C - a wand of paralysis (14)
 D - a wand of acid (10)
 E - a wand of charming (12)
Scrolls
 g - 18 scrolls of teleportation
 h - 5 scrolls of magic mapping
 l - a scroll of amnesia
 p - 7 scrolls of enchant armour
 t - a scroll of silence
 y - a scroll of brand weapon
 H - 6 scrolls of fog
 K - 3 scrolls of blinking
 O - 2 scrolls of holy word
 Q - 2 scrolls of summoning
 V - 7 scrolls of fear
Potions
 e - 3 potions of might
 i - 4 potions of magic
 m - 2 potions of berserk rage
 n - 13 potions of curing
 o - 4 potions of invisibility
 u - a potion of heal wounds
 z - 3 potions of flight
 G - a potion of cancellation
 I - 2 potions of brilliance
 X - 3 potions of mutation
 Y - 6 potions of haste
Miscellaneous
 P - a phantom mirror


   Skills:
 + Level 25.7 Fighting
 + Level 23.8 Polearms
 - Level 5.9 Throwing
 + Level 9.4 Armour
 + Level 13.8 Dodging
 - Level 3.9 Stealth
 + Level 17.2 Shields
 - Level 5.2 Spellcasting
 - Level 3.0 Summonings
 - Level 4.0 Invocations


You had 25 spell levels left.
You knew the following spells:

 Your Spells              Type           Power      Damage    Failure   Level
a - Call Canine Familiar  Summ           8%         N/A       58%         3
b - Animate Skeleton      Necr           4%         N/A       65%         1
c - Apportation           Tloc           4%         N/A       65%         1

Your spell library contained the following spells:

 Spells                   Type           Power      Damage    Failure   Level
 Summon Small Mammal      Summ           32%        N/A       26%         1
 Freeze                   Ice            8%         1d3       65%         1
 Pain                     Necr           8%         1d4       65%         1
 Slow                     Hex            8%         N/A       65%         1
 Sting                    Tmut/Pois      8%         1d3       65%         1
 Blink                    Tloc           4%         N/A       80%         2
 Corpse Rot               Necr/Air       4%         N/A       80%         2
 Ensorcelled Hibernation  Hex/Ice        4%         N/A       80%         2
 Poisonous Vapours        Pois/Air       4%         N/A       80%         2
 Static Discharge         Conj/Air       2%         N/A       80%         2
 Sublimation of Blood     Necr           2%         N/A       80%         2
 Wereblood                Tmut           2%         N/A       80%         2
 Summon Guardian Golem    Hex/Summ       5%         N/A       82%         3
 Confusing Touch          Hex            2%         N/A       95%         3
 Conjure Flame            Conj/Fire      2%         6-21      95%         3
 Dazzling Flash           Conj/Hex       4%         N/A       95%         3
 Frozen Ramparts          Ice            4%         1d2       95%         3
 Ignite Poison            Fire/Tmut/Pois 2%         N/A       95%         3
 Lesser Beckoning         Tloc           2%         N/A       95%         3
 Portal Projectile        Hex/Tloc       4%         N/A       95%         3
 Spider Form              Tmut/Pois      2%         N/A       95%         3
 Vampiric Draining        Necr           2%         2d6       95%         3
 Animate Armour           Summ/Erth      10%        N/A       99%         4
 Summon Ice Beast         Ice/Summ       5%         N/A       99%         4
 Animate Dead             Necr           1%         N/A       100%        4
 Dispel Undead            Necr           2%         3d7       100%        4
 Hailstorm                Conj/Ice       2%         3d3       100%        4
 Ice Form                 Ice/Tmut       2%         N/A       100%        4
 Iskenderun's Mystic Bla  Conj/Tloc      2%         2d3       100%        4
 Leda's Liquefaction      Hex/Erth       1%         N/A       100%        4
 Olgreb's Toxic Radiance  Pois           2%         N/A       100%        4
 Passage of Golubria      Tloc           2%         N/A       100%        4
 Petrify                  Tmut/Erth      2%         N/A       100%        4
 Sticky Flame             Conj/Fire      2%         2d3       100%        4
 Agony                    Necr           2%         N/A       100%        5
 Blade Hands              Tmut           1%         N/A       100%        5
 Borgnjor's Vile Clutch   Necr/Erth      1%         N/A       100%        5
 Excruciating Wounds      Necr           1%         N/A       100%        5
 Fireball                 Conj/Fire      1%         3d3       100%        5
 Iskenderun's Battlesphe  Conj           2%         2d6       100%        5
 Lee's Rapid Deconstruct  Erth           1%         3d5*      100%        5
 Lightning Bolt           Conj/Air       1%         1d12      100%        5
 Manifold Assault         Tloc           2%         N/A       100%        5
 Metabolic Englaciation   Hex/Ice        1%         N/A       100%        5
 Summon Forest            Summ/Tloc      2%         N/A       100%        5
 Yara's Violent Unravell  Hex/Tmut       1%         3d3       100%        5
 Conjure Ball Lightning   Conj/Air       1%         3x3d6     100%        6
 Death Channel            Necr           1%         N/A       100%        6
 Dispersal                Tloc           1%         N/A       100%        6
 Simulacrum               Ice/Necr       1%         N/A       100%        6
 Starburst                Conj/Fire      1%         6d3       100%        6
 Statue Form              Tmut/Erth      1%         N/A       100%        6
 Summon Cactus Giant      Summ           4%         N/A       100%        6
 Enfeeble                 Hex            1%         N/A       100%        7
 Haunt                    Necr/Summ      2%         N/A       100%        7
 Orb of Destruction       Conj           1%         9d5       100%        7
 Ozocubu's Refrigeration  Ice            1%         4d5       100%        7
 Summon Hydra             Summ           4%         N/A       100%        7
 Maxwell's Capacitive Co  Air            1%         ∞         100%        8
 Polar Vortex             Ice            1%         N/A       100%        9


Dungeon Overview and Level Annotations

Branches:
Dungeon (15/15)            Temple (0/1) D:5            Lair (6/6) D:9
 Shoals (4/4) Lair:2        Snake (4/4) Lair:2        Slime (0/5) Lair:6
    Orc (2/2) D:9             Elf (3/3) Orc:2        Vaults (0/5) D:13
 Depths (4/4) D:15         Bailey (visited)           IceCv (visited)
    Zot: Depths:4

Altars:
Ashenzari
Elyvilon
Hepliaklqana
Makhleb
Nemelex Xobeh
Okawaru
Qazlal
Sif Muna
Wu Jian
Yredelemnul
The Shining One
Jiyva

Shops:
D:9 :   D:10 (   D:13 [   Orc:2 ([[[*(:   Shoals:4 **   Snake:1 ::=
Depths:1 :   Depths:2 ***[!

Portals:
Hell: Lair:6 Depths:1 Depths:2 Depths:4
Pandemonium: Depths:2
Ziggurat: Depths:1

Annotations:
Shoals:2 exclusion: upstairs
Elf:2 3 runed translucent doors


Innate Abilities, Weirdness & Mutations

Your life essence is reduced to manifest your ancestor. (-10% HP)
((You are very nimble when in or above water. (Stealth+, EV+, Speed+++)))
Your lower body shifts to a powerful aquatic tail in water.
You are dopey. (Int -2)
You occasionally shout uncontrollably at your foes.
Your muscles are strong. (Str +2)


Message History

The caustic shrike closely misses you. x2
The necromancer casts a spell at you. You resist with almost no effort.
The hell knight moves out of view.
Unknown command.
The hell knight gestures wildly while chanting.
The hell knight seems to speed up.
You block the caustic shrike's attack.
A hell knight comes into view. It is wielding a +1 broad axe.
You block the caustic shrike's attack.
There is a stone staircase leading up here.
Unknown command.
The hell knight shouts!
You block the caustic shrike's attack. x2
The spriggan air mage waves its arms in wide circles.
The air twists around and strikes you! The caustic shrike closely misses you.
You block the caustic shrike's attack.
You fly upwards.
There is a stone staircase leading down here.
Unknown command.
As you read the scroll of teleportation, it crumbles to dust.
You feel strangely unstable.
The caustic shrike claws you but does no damage.
You block the caustic shrike's attack. The caustic shrike claws you!
The acid corrodes you!
You are splashed with acid.
You block the caustic shrike's attack. The caustic shrike claws you.
* * * LOW HITPOINT WARNING * * *
The acid corrodes you!
You are splashed with acid!
* * * LOW HITPOINT WARNING * * *
You block the caustic shrike's attack.
Unknown command.
You feel much better. You block the caustic shrike's attack.
The caustic shrike claws you! The acid corrodes you!
You are splashed with acid!
* * * LOW HITPOINT WARNING * * *
The caustic shrike claws you!!
* * * LOW HITPOINT WARNING * * *
You are splashed with acid.
* * * LOW HITPOINT WARNING * * *
You block the caustic shrike's attack. The caustic shrike misses you.
The caustic shrike claws you!!
You die...

.........≈.≈§≈..#.#
........≈§≈§§.....#
.≈≈§§.....# .§§...#
≈≈.§...## .........
........##
........b# #@b#
##b.....# ..#####
..# ..# ... ....
....


You could see 3 caustic shrikes.

Vanquished Creatures
  Mara (Elf:3)
  A lich (Depths:1)
  2 deep elf blademasters
  3 deep elf master archers (Elf:3)
  A kraken (Shoals:4)
  Frances (Shoals:2)
  Polyphemus (Shoals:3)
  Kirke (Elf:1)
  Roxanne (Snake:2)
  6 nagarajas (Snake:4)
  A fire giant (Depths:1)
  2 frost giants
  4 deep elf sorcerers
  An iron dragon (Depths:1)
  An orc warlord (Orc:2)
  Aizul (Snake:3)
  3 deep elf elementalists
  A very ugly thing (Depths:2)
  4 stone giants
  2 deep elf demonologists (Elf:3)
  Azrael (D:12)
  8 deep elf annihilators
  2 spark wasps (Depths:2)
  4 deep elf death magi (Elf:3)
  2 jiangshi
  4 ettins
  A fire dragon (Depths:1)
  7 merfolk javelineers
  6 merfolk impalers
  A great orb of eyes (Depths:1)
  3 deep elf high priests (Elf:3)
  A rakshasa (Depths:3)
  2 hell beasts (Depths:1)
  4 ice dragons
  A vault guard (D:13)
  2 salamander tyrants
  A spriggan air mage (Depths:2)
  7 hydras
  4 boulder beetles
  4 merfolk avatars
  10 naga warriors
  5 anacondas
  6 two-headed ogres
  A catoblepas (Shoals:3)
  17 dancing weapons
  11 merfolk aquamancers
  A vampire mage (Depths:2)
  2 satyrs
  3 deep troll earth magi (Depths:3)
  2 deep troll shamans
  11 death yaks
  3 orc high priests (Orc:2)
  4 shock serpents
  4 tengu warriors
  6 naga sharpshooters
  13 hell knights
  9 deep elf knights
  2 iron trolls
  13 sea snakes
  4 deep trolls (Depths:2)
  11 deep elf archers
  4 naga ritualists
  2 wizards
  2 lindwurms (D:12)
  16 deep elf pyromancers
  4 ugly things
  6 necromancers
  8 cyclopes
  9 mana vipers
  13 harpies
  8 orc knights
  17 deep elf zephyrmancers
  5 orc sorcerers
  9 salamanders
  9 fauns
  4 manticores
  16 merfolk sirens
  4 elephants
  25 black mambas
  An ice statue (IceCv)
  9 naga magi
  A smoke demon (Lair:6)
  2 gargoyles
  7 guardian serpents
  3 water nymphs
  An unseen horror (D:11)
  6 komodo dragons
  3 cane toads
  4 kobold demonologists
  3 ice devils
  2 freezing wraiths
  4 rime drakes
  A tengu conjurer (D:15)
  A red devil (Lair:6)
  7 trolls
  11 polar bears
  6 wind drakes
  31 merfolk
  7 blink frogs
  10 dream sheep
  10 slime creatures
  4 snapping turtles
  A vampire (D:12)
  A shadow (D:11)
  Sigmund (D:4)
  4 air elementals
  13 water elementals
  2 large abominations (Elf:1)
  40 yaks
  3 basilisks
  3 wyverns
  A golden eye (shapeshifter) (D:15)
  4 fire elementals
  A vampire mosquito (D:12)
  26 nagas
  2 wargs (Orc:1)
  13 water moccasins
  A floating eye (Depths:3)
  3 hell hounds
  25 orc warriors
  A hornet zombie (D:8)
  4 ogres (Orc:1)
  2 black bears (Lair:1)
  17 wolves
  5 centaurs
  3 elf zombies (Elf:1)
  A phantom (D:6)
  7 kobold brigands
  7 bullfrogs
  An earth elemental (Elf:3)
  2 scorpions
  A wyvern skeleton (D:7)
  6 killer bees
  3 wights (D:8)
  3 howler monkeys
  9 electric eels
  A bullfrog zombie (D:7)
  3 centaur zombies
  A hound (D:6)
  15 orc priests
  A bullfrog skeleton (D:7)
  2 iguanas
  16 orc wizards
  A hound skeleton (D:5)
  13 gnolls
  2 howler monkey skeletons
  5 adders
  A shadow imp (D:6)
  3 ufetubi (D:10)
  57 orcs
  5 bats
  3 endoplasms
  2 giant cockroaches
  4 hobgoblins
  4 quokkas
  3 ball pythons
  2 frilled lizards
  9 goblins
  21 kobolds
  2 rats (D:1)
  A butterfly (Lair:1)
  A tentacle (Shoals:4)
930 creatures vanquished.

Vanquished Creatures (collateral kills)
  Jorgrun (Snake:1)
  2 liches
  A deep elf master archer (Elf:3)
  A shadow dragon (Depths:3)
  2 nagarajas (Snake:4)
  Ilsuiw (Shoals:3)
  5 deep elf sorcerers (Elf:3)
  2 deep elf elementalists (Elf:3)
  2 stone giants
  A vampire knight (Depths:1)
  A deep elf demonologist (Elf:3)
  3 spark wasps (Depths:2)
  2 deep elf annihilators (Elf:3)
  2 deep elf death magi
  A merfolk javelineer (Shoals:4)
  2 ettins
  4 deep elf high priests
  3 fire dragons (Depths:1)
  3 merfolk impalers
  A rakshasa (Depths:2)
  3 ice dragons
  9 naga warriors
  3 boulder beetles
  A hydra (Lair:2)
  An ogre mage (D:15)
  2 two-headed ogres (D:15)
  A catoblepas (Lair:2)
  An alligator snapping turtle (Shoals:1)
  Erica (D:11)
  3 anacondas
  A merfolk aquamancer (Shoals:1)
  5 dancing weapons
  3 centaur warriors (D:14)
  2 tengu warriors
  3 death yaks
  A vampire mage (Depths:3)
  A shock serpent (Snake:4)
  2 iron trolls
  A sun demon (Lair:6)
  2 deep elf knights
  A hell knight (Depths:3)
  A soul eater (Depths:1)
  A large abomination (Elf:1)
  6 sea snakes
  4 naga ritualists
  5 deep elf pyromancers
  3 lindwurms
  5 deep elf archers
  5 harpies
  4 mana vipers
  A necromancer (Depths:1)
  5 deep elf zephyrmancers
  An orc sorcerer (Orc:2)
  5 manticores
  2 cyclopes
  A faun (Shoals:1)
  A wolf spider (D:15)
  6 salamanders
  2 merfolk sirens
  4 guardian serpents
  17 black mambas
  An ice statue (D:10)
  6 naga magi
  A gargoyle (D:12)
  2 orange demons (Lair:6)
  A rime drake (Lair:6)
  2 cane toads
  3 komodo dragons
  Psyche (D:12)
  7 ice devils
  A kobold demonologist (D:9)
  A red devil (Lair:6)
  4 polar bears
  23 merfolk
  3 trolls
  A meliai (shapeshifter) (Elf:2)
  5 dream sheep
  8 slime creatures
  3 snapping turtles
  A blink frog (Lair:5)
  6 water elementals
  A wraith (D:10)
  A wyvern (Lair:2)
  3 air elementals
  4 hogs (Elf:1)
  2 basilisks
  3 fire elementals
  10 yaks
  2 vampire mosquitoes (D:12)
  2 steam dragons
  13 nagas
  A warg (Orc:1)
  2 hell hounds
  5 water moccasins
  14 orc warriors
  A sky beast (D:3)
  3 black bears
  An ogre (D:6)
  2 centaurs
  4 wolves
  3 kobold brigands
  3 bullfrogs
  A scorpion (D:6)
  2 killer bees
  2 wights (D:8)
  2 howler monkeys
  A bullfrog skeleton (D:5)
  A hound (D:5)
  2 jellies
  2 gnoll shamans (D:7)
  12 orc priests
  16 orc wizards
  A howler monkey zombie (D:9)
  4 gnolls
  4 adders
  A white imp (D:5)
  An ufetubus (D:10)
  An adder skeleton (D:4)
  2 worms
  A dart slug (D:5)
  28 orcs
  2 endoplasms
  3 giant cockroaches
  A goblin (Bailey)
  A hobgoblin (Bailey)
  7 kobolds
  2 quokkas
  A ball python (D:3)
  A rat (D:3)
  A tentacle (Shoals:4)
429 creatures vanquished.

Vanquished Creatures (others)
  A fire giant (Depths:1)
  A deep elf annihilator (Elf:3)
  A blizzard demon (Depths:1)
  A deep elf knight (Elf:1)
  A sea snake (Shoals:1)
  A hog (Elf:1)
  38 battlemagi
  2 ufetubi (D:10)
  An ancestor (D:2)
  19 fungi
  54 plants
  10 tentacles (Shoals:4)
130 creatures vanquished.

Grand Total: 1489 creatures vanquished

Notes
Turn   | Place    | Note
-------+----------+-------------------------------------------
     0 | D:1      | BeingJoeMalik the Merfolk Gladiator began the quest for the
                  | Orb.
     0 | D:1      | Reached XP level 1. HP: 16/16 MP: 1/1
   128 | D:1      | Reached XP level 2. HP: 21/22 MP: 2/2
   145 | D:1      | Reached skill level 5 in Polearms
   198 | D:1      | Found a faded altar of an unknown god.
   222 | D:1      | Prayed at the altar of an unknown god.
   222 | D:1      | Became a worshipper of Hepliaklqana the Forgotten
   222 | D:1      | Reached * piety under Hepliaklqana
  1008 | D:2      | Noticed a scorpion
  1016 | D:2      | Killed a scorpion
  1017 | D:2      | Reached XP level 3. HP: 24/24 MP: 3/3
  1017 | D:2      | Reached XP level 4. HP: 29/29 MP: 4/4
  1103 | D:2      | Reached ** piety under Hepliaklqana
  1104 | D:2      | Remembered your ancestor Shiptu as a battlemage
  1692 | D:3      | Found a broken altar of Ashenzari.
  1694 | D:3      | Found a glowing golden altar of the Shining One.
  2252 | D:3      | Noticed a sky beast
  2256 | D:3      | Reached XP level 5. HP: 33/34 MP: 5/5
  2262 | D:3      | Killed a sky beast
  2267 | D:3      | Reached XP level 6. HP: 34/39 MP: 6/6
  2535 | D:4      | Identified the +0 robe of Anarchy {-Tele rF+ rC+}
  2868 | D:4      | Noticed Sigmund
  2886 | D:4      | Killed Sigmund
  2887 | D:4      | Reached skill level 10 in Polearms
  2933 | D:4      | Reached *** piety under Hepliaklqana
  2994 | D:4      | Found an iron altar of Okawaru.
  3102 | D:5      | Entered Level 5 of the Dungeon
  3106 | D:5      | Reached XP level 7. HP: 45/45 MP: 7/7
  3157 | D:5      | Reached skill level 3 in Fighting
  3315 | D:5      | Found a staircase to the Ecumenical Temple.
  3496 | D:5      | Noticed a yak
  3498 | D:5      | Noticed a yak
  3506 | D:5      | Noticed a yak
  3508 | D:5      | Noticed a yak
  3508 | D:5      | Noticed a yak
  3511 | D:5      | Killed a yak
  3888 | D:6      | Reached XP level 8. HP: 54/54 MP: 8/8
  4076 | D:6      | Reached skill level 4 in Fighting
  4458 | D:6      | Killed a yak
  4459 | D:6      | Reached skill level 5 in Fighting
  4906 | D:5      | Killed a yak
  4907 | D:5      | Reached skill level 1 in Stealth
  4921 | D:5      | Killed a yak
  4922 | D:5      | Reached skill level 6 in Fighting
  4922 | D:5      | Reached XP level 9. HP: 46/62 MP: 9/9
  4933 | D:5      | Reached skill level 5 in Dodging
  5374 | D:7      | Reached skill level 7 in Fighting
  5510 | D:7      | Reached **** piety under Hepliaklqana
  6293 | D:7      | Reached skill level 8 in Fighting
  6945 | D:8      | Reached skill level 9 in Fighting
  7220 | D:8      | Reached XP level 10. HP: 66/74 MP: 10/10
  7426 | D:8      | Reached skill level 10 in Fighting
  7542 | D:8      | Found a sparkling altar of Nemelex Xobeh.
  7599 | D:8      | Found a shimmering blue altar of Sif Muna.
  7669 | D:9      | Noticed a kobold demonologist
  7718 | D:9      | Killed a kobold demonologist
  7772 | D:9      | Learned a level 3 spell: Call Canine Familiar
  7795 | D:9      | Found Wifurgho's Book Emporium.
  7968 | D:9      | Found a staircase to the Lair.
  8227 | D:9      | Reached ***** piety under Hepliaklqana
  8288 | D:9      | Found a basalt altar of Yredelemnul.
  8431 | D:9      | Found a staircase to the Orcish Mines.
  8476 | D:9      | Noticed a two-headed ogre
  8578 | D:9      | Found a white marble altar of Elyvilon.
  8655 | D:9      | Killed a two-headed ogre
  8656 | D:9      | Reached skill level 11 in Fighting
  8860 | D:9      | You fall into a shaft and drop 2 floors!
  8935 | D:11     | Noticed a two-headed ogre
  8952 | D:10     | Entered Level 10 of the Dungeon
  9179 | D:10     | Noticed a red ugly thing
  9197 | D:10     | Killed a red ugly thing
  9202 | D:10     | Reached XP level 11. HP: 57/85 MP: 11/11
  9210 | D:10     | Reached skill level 15 in Polearms
  9218 | D:10     | Found a flagged portal.
  9226 | D:10     | Found Maloxorph's Weapon Shop.
  9251 | Bailey   | Entered a bailey
  9390 | Bailey   | Reached skill level 12 in Fighting
  9525 | Bailey   | Noticed an orc knight
  9563 | Bailey   | Killed an orc knight
  9702 | Bailey   | Found an iron altar of Okawaru.
  9702 | Bailey   | Noticed an orc sorcerer
  9717 | Bailey   | Killed an orc sorcerer
  9802 | Bailey   | Identified the +6 trident "Esseerr" {flame, +Blink rF+}
  9882 | Bailey   | Acquired a ring of positive energy
  9886 | Bailey   | Acquired 868 gold pieces
 10134 | Lair:1   | Entered Level 1 of the Lair of Beasts
 10148 | Lair:1   | Gained mutation: You tend to lose your temper in combat.
                  | [potion of mutation]
 10148 | Lair:1   | Gained mutation: You expend magic power (3 MP) to
                  | strengthen your wands. [potion of mutation]
 10148 | Lair:1   | Gained mutation: You are dopey. (Int -2) [potion of
                  | mutation]
 10163 | Lair:1   | Reached skill level 1 in Invocations
 10302 | Lair:1   | Reached skill level 13 in Fighting
 10537 | Lair:1   | Reached skill level 1 in Armour
 10822 | Lair:1   | Reached XP level 12. HP: 85/95 MP: 15/15
 11036 | Lair:2   | Noticed an eight-headed hydra
 11036 | Lair:2   | Noticed a six-headed hydra
 11038 | Lair:2   | Killed a six-headed hydra
 11039 | Lair:2   | Reached skill level 14 in Fighting
 11082 | Lair:2   | Found a staircase to the Shoals.
 11187 | Lair:2   | Noticed a catoblepas
 11195 | Lair:2   | Killed a catoblepas
 11384 | Lair:2   | Noticed a four-headed hydra
 11391 | Lair:2   | Killed a four-headed hydra
 11446 | Lair:2   | Found a staircase to the Snake Pit.
 11527 | Lair:2   | Killed an eight-headed hydra
 11776 | Lair:2   | Reached ****** piety under Hepliaklqana
 11806 | Lair:2   | Noticed a four-headed hydra
 11828 | Lair:2   | Killed a four-headed hydra
 11829 | Lair:2   | Reached skill level 15 in Fighting
 12979 | Lair:4   | Reached XP level 13. HP: 104/105 MP: 16/16
 13172 | Lair:4   | Reached skill level 16 in Fighting
 13473 | Lair:5   | Reached skill level 5 in Armour
 13748 | Lair:5   | Reached skill level 10 in Dodging
 13783 | Lair:5   | Reached skill level 1 in Spellcasting
 13870 | Lair:5   | Lost mutation: You are dopey. (Int -2) [potion of mutation]
 13870 | Lair:5   | Lost mutation: You tend to lose your temper in combat.
                  | [potion of mutation]
 13870 | Lair:5   | Lost mutation: You expend magic power (3 MP) to strengthen
                  | your wands. [potion of mutation]
 13870 | Lair:5   | Gained mutation: You have hidden genetic defects. [potion
                  | of mutation]
 13870 | Lair:5   | Gained mutation: Your spells are a little easier to cast,
                  | but a little less powerful. [potion of mutation]
 13870 | Lair:5   | Gained mutation: You occasionally shout uncontrollably at
                  | your foes. [potion of mutation]
 13871 | Lair:5   | Lost mutation: You have hidden genetic defects. [potion of
                  | mutation]
 13871 | Lair:5   | Lost mutation: You occasionally shout uncontrollably at
                  | your foes. [potion of mutation]
 13871 | Lair:5   | Lost mutation: Your spells are a little easier to cast, but
                  | a little less powerful. [potion of mutation]
 13871 | Lair:5   | Gained mutation: You are robust. (+10% HP) [potion of
                  | mutation]
 13871 | Lair:5   | Gained mutation: You have a pair of small horns on your
                  | head. [potion of mutation]
 13871 | Lair:5   | Gained mutation: You tend to lose your temper in combat.
                  | [potion of mutation]
 13871 | Lair:5   | Gained mutation: Your mind is acute. (Int +2) [potion of
                  | mutation]
 14113 | Lair:6   | Entered Level 6 of the Lair of Beasts
 14321 | Lair:6   | Reached skill level 17 in Fighting
 14871 | Lair:6   | Found a viscous altar of Jiyva.
 14877 | Lair:6   | Found a staircase to the Slime Pits.
 15108 | Lair:6   | Found a burning altar of Makhleb.
 15160 | Lair:6   | Reached skill level 18 in Fighting
 15160 | Lair:6   | Reached XP level 14. HP: 124/130 MP: 20/20
 15249 | Lair:6   | Found a gateway to Hell.
 15458 | Orc:1    | Entered Level 1 of the Orcish Mines
 15981 | Orc:2    | Entered Level 2 of the Orcish Mines
 15981 | Orc:2    | Found a staircase to the Elven Halls.
 16020 | Orc:2    | Found Piasmuoh's Antique Weapon Shop.
 16319 | Orc:2    | Reached skill level 5 in Spellcasting
 16500 | Orc:2    | Found a frozen archway.
 16514 | IceCv    | Entered an ice cave
 16635 | IceCv    | Reached skill level 19 in Fighting
 16640 | IceCv    | Learned a level 1 spell: Animate Skeleton
 16642 | IceCv    | Learned a level 1 spell: Apportation
 16812 | IceCv    | Reached skill level 1 in Summonings
 17098 | IceCv    | Noticed a frost giant
 17367 | IceCv    | Killed a frost giant
 17475 | IceCv    | Got the Grimoire of the Glacier
 17950 | Orc:2    | Noticed an orc warlord
 17964 | Orc:2    | Reached skill level 1 in Shields
 17964 | Orc:2    | Reached XP level 15. HP: 126/141 MP: 22/22
 18198 | Orc:2    | Killed an orc warlord
 18199 | Orc:2    | Reached skill level 20 in Fighting
 18322 | Orc:2    | Found Xuedujol's General Store.
 18323 | Orc:2    | Found Hasa's Book Shop.
 18325 | Orc:2    | Found Qarghamu's Antique Armour Boutique.
 18325 | Orc:2    | Found Zuerucis's Antique Weapon Boutique.
 18393 | Orc:2    | Found Rimopuw's Armour Boutique.
 18551 | Orc:2    | Found Wemuliam's Antique Armour Emporium.
 18681 | Orc:2    | Bought a distressingly furry leather armour for 161 gold
                  | pieces
 18681 | Orc:2    | Identified the +1 leather armour of Howling Wind {rPois
                  | Str+3} (You bought it in a shop on level 2 of the Orcish
                  | Mines)
 18681 | Orc:2    | Bought a twisted scale mail for 207 gold pieces
 18681 | Orc:2    | Identified the +5 scale mail of Foiklaol {Regen+} (You
                  | bought it in a shop on level 2 of the Orcish Mines)
 18737 | Orc:2    | Bought a fine plate armour for 756 gold pieces
 18737 | Orc:2    | Identified the +0 plate armour of the Wasteland {rElec}
                  | (You bought it in a shop on level 2 of the Orcish Mines)
 18737 | Orc:2    | Bought a twisted chain mail for 256 gold pieces
 18737 | Orc:2    | Identified the +6 chain mail of Cyanin {rElec Int+4} (You
                  | bought it in a shop on level 2 of the Orcish Mines)
 18737 | Orc:2    | Bought a pitted ring mail for 243 gold pieces
 18737 | Orc:2    | Identified the +2 ring mail of Dyspraxia {rElec} (You
                  | bought it in a shop on level 2 of the Orcish Mines)
 18793 | Orc:2    | Bought an embroidered scarf for 184 gold pieces
 19444 | D:11     | Noticed Erica
 19452 | D:11     | Killed Erica
 19985 | D:11     | Reached skill level 5 in Shields
 20418 | D:12     | Identified the +3 helmet "Saniot" {Fly rPois rN+++ Regen+}
 20444 | D:12     | Noticed Azrael
 20466 | D:12     | Killed Azrael
 20696 | D:12     | Noticed Psyche
 20707 | D:12     | Killed Psyche
 21069 | D:12     | Acquired a +0 vampiric demon trident
 21272 | D:13     | Found Atawka's Armour Shop.
 21592 | D:13     | Found a gate to the Vaults.
 21811 | D:14     | Identified the +0 ring mail "Qoits" {rF+}
 21960 | D:14     | Identified the +3 mace of Action {freeze, rElec}
 22196 | D:15     | Entered Level 15 of the Dungeon
 22337 | D:15     | Reached XP level 16. HP: 142/150 MP: 23/23
 22672 | D:15     | Found a staircase to the Depths.
 23079 | Shoals:1 | Entered Level 1 of the Shoals
 23455 | Lair:1   | Lost mutation: You are robust. (+10% HP) [potion of
                  | mutation]
 23455 | Lair:1   | Lost mutation: You tend to lose your temper in combat.
                  | [potion of mutation]
 23455 | Lair:1   | Gained mutation: Your spells are a little harder to cast,
                  | but a little more powerful. [potion of mutation]
 23455 | Lair:1   | Gained mutation: Your muscles are strong. (Str +2) [potion
                  | of mutation]
 23466 | Lair:1   | Acquired 934 gold pieces
 23880 | Shoals:1 | You fall into a shaft and drop 1 floor!
 23890 | Shoals:2 | Noticed Frances
 24390 | Shoals:1 | Reached skill level 21 in Fighting
 24678 | Shoals:1 | Found Bimaag's Magic Scroll Shoppe.
 24701 | Shoals:1 | Bought a scroll of acquirement for 728 gold pieces
 24701 | Shoals:1 | Bought a scroll of fear for 49 gold pieces
 24701 | Shoals:1 | Bought a scroll of enchant armour for 105 gold pieces
 24701 | Shoals:1 | Bought a scroll of enchant armour for 105 gold pieces
 24701 | Shoals:1 | Bought a scroll of fog for 28 gold pieces
 24701 | Shoals:1 | Bought a scroll of identify for 28 gold pieces
 24701 | Shoals:1 | Bought a scroll of silence for 105 gold pieces
 25879 | Shoals:2 | Killed Frances
 25992 | Shoals:3 | Reached XP level 17. HP: 142/142 MP: 24/24
 26118 | Shoals:3 | Noticed Ilsuiw
 26151 | Shoals:3 | Killed Ilsuiw
 26557 | Shoals:3 | Reached skill level 5 in Throwing
 26707 | Shoals:3 | Reached skill level 10 in Shields
 26793 | Shoals:3 | Noticed Polyphemus
 26849 | Shoals:3 | Killed Polyphemus
 27626 | Shoals:4 | Entered Level 4 of the Shoals
 27775 | Shoals:4 | Reached skill level 22 in Fighting
 28111 | Shoals:4 | Found Qomued's General Store.
 28113 | Shoals:4 | Found Idwe's Specific Store.
 28125 | Shoals:4 | Bought a scroll of magic mapping for 63 gold pieces
 28311 | Shoals:4 | Noticed a kraken
 28716 | Shoals:4 | Reached XP level 18. HP: 89/152 MP: 25/25
 29251 | Shoals:4 | Got a barnacled rune of Zot
 29524 | Lair:2   | Acquired the ring of Qellotaxol {rN+ Will+ Dex+6 SInv}
 29586 | Snake:1  | Entered Level 1 of the Snake Pit
 29612 | Snake:1  | Noticed Jorgrun
 29635 | Snake:1  | Killed Jorgrun
 30197 | Snake:1  | Found Isonirr's Jewellery Boutique.
 30197 | Snake:1  | Found Ulelyis's Book Emporium.
 30198 | Snake:1  | Found Xoschaur's Book Emporium.
 30222 | Snake:1  | Bought the amulet of the Omega Point {Reflect rElec Dex+3
                  | SH+5} for 855 gold pieces
 30580 | Snake:1  | Reached skill level 23 in Fighting
 32216 | Snake:2  | Identified Roxanne's Volume of Stones
 32216 | Snake:2  | Noticed Roxanne
 32358 | Snake:2  | Identified the +3 flail of the Messenger {vorpal, *Slow
                  | rCorr SInv}
 32427 | Snake:2  | Killed Roxanne
 32724 | Orc:2    | Bought a scroll of teleportation for 42 gold pieces
 32724 | Orc:2    | Bought a potion of cancellation for 112 gold pieces
 32724 | Orc:2    | Bought a scroll of enchant weapon for 105 gold pieces
 32724 | Orc:2    | Bought a potion of invisibility for 112 gold pieces
 32925 | Snake:3  | Noticed Aizul
 32938 | Snake:3  | Killed Aizul
 33799 | Elf:1    | Entered Level 1 of the Elven Halls
 33918 | Elf:1    | Reached XP level 19. HP: 160/160 MP: 26/26
 34205 | Elf:1    | Got Ziopp's Grimoire of Necromancy
 34347 | Elf:1    | Noticed Kirke
 34358 | Elf:1    | Killed Kirke
 34625 | Elf:2    | Paralysed by an air elemental for 1 turns
 34652 | Elf:2    | Lost mutation: Your spells are a little harder to cast, but
                  | a little more powerful. [potion of mutation]
 34652 | Elf:2    | Lost mutation: Your muscles are strong. (Str +2) [potion of
                  | mutation]
 34652 | Elf:2    | Gained mutation: You are partially covered in iridescent
                  | scales. (AC +2) [potion of mutation]
 34703 | Elf:2    | Reached skill level 24 in Fighting
 34843 | Elf:2    | Lost mutation: You have a pair of small horns on your head.
                  | [potion of mutation]
 34843 | Elf:2    | Lost mutation: You are partially covered in iridescent
                  | scales. (AC +2) [potion of mutation]
 34843 | Elf:2    | Lost mutation: Your mind is acute. (Int +2) [potion of
                  | mutation]
 34843 | Elf:2    | Gained mutation: You occasionally shout uncontrollably at
                  | your foes. [potion of mutation]
 34843 | Elf:2    | Gained mutation: You are dopey. (Int -2) [potion of
                  | mutation]
 34843 | Elf:2    | Gained mutation: Your muscles are strong. (Str +2) [potion
                  | of mutation]
 35075 | Elf:2    | Found a runed translucent gate.
 35075 | Elf:2    | Found a runed translucent gate.
 35075 | Elf:2    | Found a runed translucent gate.
 35205 | Elf:3    | Entered Level 3 of the Elven Halls
 35465 | Elf:3    | Got the Compendium of Shape Shifting and Orientation
 35514 | Elf:3    | Noticed a Hell Sentinel
 35524 | Elf:3    | Noticed a Tzitzimitl
 35645 | Elf:3    | Noticed Mara
 35651 | Elf:3    | Noticed BeingJoeMalik's illusion
 35671 | Elf:3    | Noticed BeingJoeMalik's illusion
 35722 | Elf:3    | Noticed BeingJoeMalik's illusion
 35732 | Elf:3    | Noticed BeingJoeMalik's illusion
 35779 | Elf:3    | Killed Mara
 36007 | Elf:3    | Identified the ring of Ixkuore {+Blink rF+ rCorr Dex+8
                  | Slay-4}
 36164 | Elf:3    | Reached XP level 20. HP: 170/170 MP: 27/27
 36284 | Elf:3    | Reached skill level 15 in Shields
 36358 | Elf:3    | Cast into level 2 of the Abyss (a deep elf sorcerer)
 36391 | Abyss:3  | Found a corrupted altar of Lugonu.
 36404 | Elf:3    | Escaped the Abyss
 36720 | Elf:3    | Identified the ring of Paranoia {Wiz rCorr Int+5}
 36730 | Elf:3    | Identified the +10 flail "Ponenter" {speed, Fragile +Blink
                  | Will++ Str+3}
 36776 | Elf:3    | Got the Volume of the Toxic Entourage
 36840 | Elf:3    | Got Cut Sakh's Reference Book on Dislocation
 37117 | Snake:4  | Entered Level 4 of the Snake Pit
 37710 | Snake:4  | Reached skill level 25 in Fighting
 38257 | Snake:4  | Got a serpentine rune of Zot
 38546 | Depths:1 | Entered Level 1 of the Depths
 38708 | Depths:1 | Reached XP level 21. HP: 175/178 MP: 28/28
 38899 | Depths:1 | Found Reffumymm's Self-Improvement Boutique.
 39003 | Depths:1 | Found a one-way gateway to a ziggurat.
 39482 | Depths:2 | Found Omonup's Distillery.
 39489 | Depths:2 | Bought a potion of curing for 63 gold pieces
 39489 | Depths:2 | Bought a potion of magic for 168 gold pieces
 39489 | Depths:2 | Bought a potion of might for 84 gold pieces
 39489 | Depths:2 | Bought a potion of heal wounds for 105 gold pieces
 39494 | Depths:2 | Found a stormy altar of Qazlal.
 39560 | Depths:2 | Found Olacan's General Store.
 39560 | Depths:2 | Found Apodu's General Store.
 39581 | Depths:2 | Found Kaecar's Armour Boutique.
 39585 | Depths:2 | Found Gaur's Assorted Antiques.
 39588 | Depths:2 | Bought a scroll of magic mapping for 42 gold pieces
 39591 | Depths:2 | Bought a scroll of fog for 54 gold pieces
 39591 | Depths:2 | Bought a scroll of fear for 94 gold pieces
 39594 | Depths:2 | Bought a scroll of enchant armour for 75 gold pieces
 39755 | Depths:2 | Found an ornate altar of the Wu Jian Council.
 40058 | Depths:2 | Found a one-way gate leading to the halls of Pandemonium.
 40634 | Depths:3 | Paralysed by a floating eye for 3 turns
 40824 | Depths:3 | You are sucked into a shaft and drop 1 floor!
 40824 | Depths:4 | Entered Level 4 of the Depths
 40824 | Depths:4 | Noticed a caustic shrike
 40824 | Depths:4 | Noticed a caustic shrike
 40824 | Depths:4 | Noticed a caustic shrike
 40825 | Depths:4 | Noticed a caustic shrike
 40847 | Depths:3 | Mangled by a caustic shrike

Illustrated notes

Levels and vault maps discovered:
D:1:      doesnt_arrival_eight_statues, layout_basic,
          chequers_ecumenical_altar_simple
D:2:      layout_loops_corners, serial_rivers, chequers_serial_rivers_large_a,
          chequers_serial_rivers_small_a, chequers_serial_rivers_small_3,
          chequers_serial_rivers_micro_e, hangedman_decor_points,
          corexii_hall_statues_i, minmay_bisected
D:3:      minmay_recursive_quarters, layout_basic, nicolae_overflow_squiral
D:4:      layout_basic, kennysheep_mini_moat, uniq_sigmund
D:5:      layout_basic, temple_doors_e
D:6:      layout_basic, kennysheep_nondescript, hangedman_decor_clover_reticule,
          serial_bayou_pond_a
D:7:      layout_basic, kennysheep_crisscross, nicolae_figureground_sparkle
D:8:      layout_rooms, nemelex_diamond_rough_becter, tgw_sif
D:9:      layout_loops_ring, kennysheep_ying_yang, lair_entry_dummy,
          orc_0_dummy, serial_shops, nicolae_shop_competitors_out_of_business,
          nicolae_fountain_basement
D:10:     cheibrodos_frozen_isle, layout_basic, enter_bailey_5, serial_shops,
          nicolae_stop_n_shop_2
D:11:     layout_irregular_city, uniq_erica
D:12:     layout_basic, hangedman_glass_teeth, minmay_lindwurm_lava,
          uniq_psyche, uniq_azrael
D:13:     minmay_curly_fans, layout_cave_pools, david_vaults_4, serial_park,
          serial_park_tiny_pond, serial_park_tiny_2, serial_park_tiny_1,
          serial_park_tiny_2, serial_shops, nicolae_shop_statue_plus
D:14:     layout_roguey, minivault_11
D:15:     grunt_enter_depths_snipers, layout_rooms,
          hangedman_abyss_or_decor_stabs, minivault_1, lemuel_flamethrower_1
Lair:1:   layout_regular_city, serial_rivers, chequers_serial_rivers_micro_c,
          chequers_serial_rivers_micro_e, chequers_serial_rivers_marsh,
          chequers_serial_rivers_marsh, beast_lair_carwin_11,
          lemuel_fruit_fields, lemuel_fruit_fields
Lair:2:   layout_roguey, elwin_shoals_entry_stream,
          minmay_snake_entry_guardpost_small, grunt_megastairs_4,
          lemuel_fruit_fields
Lair:3:   layout_regular_city
Lair:4:   layout_small_grid, st_stairs_7, serial_bayou_shore_b,
          lemuel_fruit_fields
Lair:5:   layout_roguey, serial_bayou_shore_a
Lair:6:   evil_forest, layout_gridlike, slime_altar_1, lemuel_old_faithful,
          lemuel_fruit_tree, infiniplex_staircase_pool_2
Shoals:1: cheibrodos_shoals_epimethial_gifts, layout_shoals, serial_shops, shop
Shoals:2: layout_shoals, nicolae_shoals_aquamancer_cove, uniq_frances
Shoals:3: layout_shoals, uniq_ilsuiw, uniq_polyphemus
Shoals:4: shoals_end_hangedman, layout_shoals, abandoned_shop,
          nicolae_specific_store, nicolae_shoals_lost_giant_pillars
Snake:1:  layout_basic, minmay_shop_grove, uniq_jorgrun
Snake:2:  layout_rooms, uniq_roxanne
Snake:3:  layout_misc_corridors, uniq_aizul
Snake:4:  grunt_snake_rune_pools, layout_gridlike,
          nrook_guardian_serpent_ordinary
Orc:1:    layout_caves
Orc:2:    st_orc_congregation, layout_caves, serial_shops,
          nicolae_shop_window_shopping, nicolae_lakefront_shop, shop,
          portal_ice_cave_demonic_guard
Elf:1:    eino_elf_arrival_shootout, layout_rooms, minmay_elf_necromancy,
          minivault_28, uniq_kirke
Elf:2:    elven_hall_of_blades_hangedman_original [nicolae_blade_bullseye],
          layout_gridlike, st_stairs_3
Elf:3:    nooodl_elf_gasket, layout_geoelf_grid,
          nicolae_elf_glass_and_crystal_pillar_1, uniq_mara
Depths:1: layout_gridlike, enter_ziggurat_a, grunt_mini_vestibule,
          corexii_mini_fake_secret_closet, drop_trap, nicolae_shop_self_help
Depths:2: kennysheep_cluttered_fort, layout_cave_shapes, rand_demon_pan_entry_7,
          nicolae_qazlal_style_of_elements, serial_shops, shop_fountains,
          hangedman_tar_grid_catacomb, nicolae_wu_jian_wuxing_cycle,
          minmay_shoptagon, uniq_asterion
Depths:3: minmay_two_paths, layout_cave_pools, abyss_entry,
          fedhas_altar_fruit_tree, serial_shops, nicolae_shop_waterfront,
          kennysheep_mini, pf_vacation_house_of_asmodeus,
          minmay_staircase_statues_hall_small
Depths:4: evilmike_zot_entry_basic, layout_cave_pools, nicolae_sextant,
          hell_entry

Skill      XL: |  1  2  3  4  5  6  7  8  9 10 11 12 13 14 15 16 17 18 19 20 21 |
---------------+----------------------------------------------------------------+-----
Polearms       | 7 9 10 12 14 15 17 18 20 22 23 | 23.8
Fighting       | 3 6 9 11 13 15 18 19 20 21 22 23 24 25 | 25.7
Stealth        | 2 3 |  3.9
Dodging        | 6 9 10 12 13 | 13.8
Invocations    | 4 |  4.0
Armour         | 1 4 5 6 8 9 |  9.4
Spellcasting   | 4 5 |  5.2
Summonings     | 3 |  3.0
Shields        | 1 7 9 11 13 14 16 17 | 17.2
Throwing       | 4 5 |  5.9

Action                   |  1- 3 |  4- 6 |  7- 9 | 10-12 | 13-15 | 16-18 | 19-21 || total
-------------------------+-------+-------+-------+-------+-------+-------+-------++-------
Melee: Trident           |    39 |    78 |   236 |   464 |  1094 |  1198 |       ||  3109
       Punch             |       |       |     2 |     9 |    13 |       |       ||    24
       Tailslap          |       |       |       |    13 |     6 |    47 |       ||    66
       Headbutt          |       |       |       |       |   236 |   222 |    41 ||   499
       Demon trident     |       |       |       |       |       |     8 |  1094 ||  1102
Throw: Dart              |     3 |       |     9 |     3 |       |     3 |     2 ||    20
       Throwing net      |       |     1 |       |       |       |     2 |       ||     3
Invok: Ancestor Life: Ba |       |     1 |       |       |       |       |       ||     1
       Recall Ancestor   |       |       |     3 |     2 |     8 |    16 |     8 ||    37
Evoke: Wand              |       |       |       |     3 |       |     3 |       ||     6
  Use: Scroll            |     2 |     4 |     1 |    10 |    10 |    10 |     4 ||    41
       Potion            |       |       |       |     6 |     6 |    11 |     5 ||    28
 Stab: Sleeping          |     2 |     2 |     3 |    18 |     7 |    13 |     5 ||    50
       Distracted        |       |     1 |       |     7 |    19 |    32 |    19 ||    78
       Invisible         |       |       |       |       |     1 |       |       ||     1
       Held in net/web   |       |       |       |       |       |     1 |       ||     1
Armor: Leather armour    |     6 |     7 |       |    22 |    63 |    51 |       ||   149
       Robe              |       |     3 |    24 |    12 |    16 |       |       ||    55
       Scale mail        |       |       |       |       |    54 |    25 |   136 ||   215
Dodge: Dodged            |    18 |    22 |    91 |   170 |   428 |   568 |   314 ||  1611
Block: Buckler           |       |       |       |       |    58 |   403 |       ||   461
       Reflection        |       |       |       |       |       |    18 |    91 ||   109
       Kite shield       |       |       |       |       |       |     3 |   645 ||   648
